 Dungeon Crawl Stone Soup version 0.30-a0-160-gcfceee88d3 (webtiles) character file.

Game seed: 12063822797605850848

327 qw the Chopper (level 6, -1/38 HPs)
             Began as a Gargoyle Fighter on Sept 27, 2022.
             Killed from afar by an orc wizard (4 damage)
             ... with a magic dart
             ... on level 4 of the Dungeon.
             The game lasted 00:01:17 (3109 turns).

qw the Chopper (Gargoyle Fighter)                   Turns: 3109, Time: 00:01:17

Health: -1/38      AC: 17    Str: 22    XL:     6   Next: 50%
Magic:  6/6        EV:  6    Int:  8    God:
Gold:   245        SH:  4    Dex:  9    Spells: 5/5 levels left

rFire   . . .      SeeInvis .    Y - +0 war axe
rCold   . . .      Faith    .    c - +0 buckler
rNeg    + . .      Spirit   .    n - +0 plate armour
rPois   inf        Reflect  .    (no helmet)
rElec   +          Harm     .    (no cloak)
rCorr   +          Rampage  .    (no gloves)
Will    .....                    (no boots)
Stlth   ..........               (no amulet)
HPRegen 0.12/turn                f - ring of resist corrosion
MPRegen 0.10/turn                (no ring)

@: no status effects
A: sickness immunity, AC +4, negative energy resistance 1, electricity
resistance, torment resistance 1, petrification resistance, iridescent scales 1
a: no special abilities


You were on level 4 of the Dungeon.
You visited 1 branch of the dungeon, and saw 4 of its levels.

You collected 245 gold pieces.


Innate Abilities, Weirdness & Mutations

You are immune to sickness and miasma.
Your stone body is resilient. (AC +4)
You are immune to poison.
You resist negative energy. (rN+)
You are resistant to electric shocks. (rElec)
You are resistant to unholy torment.
You are immune to petrification.
You are partially covered in iridescent scales. (AC +2)


   Skills:
 - Level 4.1 Fighting
 + Level 5.7 Axes
 - Level 3.2 Armour
 - Level 3.2 Shields


You had 5 spell levels left.
You didn't know any spells.
Your spell library was empty.

Inventory:

Hand Weapons
 k - a +0 flail
 Y - a +0 war axe (weapon)
Armour
 b - a +0 pair of boots
 c - a +0 buckler (worn)
 l - a +0 helmet
 n - a +0 plate armour (worn)
Jewellery
 f - a ring of resist corrosion (left hand)
Scrolls
 a - a scroll of identify
Potions
 d - a potion of might
 e - a potion of flight {unknown}
 g - a potion of resistance {unknown}
 h - a potion of mutation
 i - a potion of brilliance {unknown}
 j - a potion of heal wounds
 m - a potion of curing {unknown}
 o - 2 potions of lignification {unknown}

Dungeon Overview and Level Annotations

Branches:
Dungeon (4/15)
 Temple: D:4-7

Altars:


Message History

A magic dart appears from out of thin air!
The magic dart hits you but does no damage.
You're too confused to attack without stumbling around!
There is a strange disturbance nearby!
Something hits you but does no damage.
You're too confused to attack without stumbling around!
There is a strange disturbance nearby!
You hear some strange, mumbled words.
A puff of flame appears from out of thin air!
The puff of flame hits you but does no damage.
You're too confused to attack without stumbling around!
There is a strange disturbance nearby!
Something hits you.
You're too confused to attack without stumbling around!
There is a strange disturbance nearby!
You feel less confused. Something completely misses you.
You slash something!
You hear some strange, mumbled words.
A puff of flame appears from out of thin air!
The puff of flame hits you.
You barely miss something. Something hits you but does no damage.
You barely miss something. Something hits you but does no damage.
You closely miss something.
Something hits you but does no damage. x2
You barely miss something. Something hits you but does no damage.
You miss something. Something hits you but does no damage.
You miss something. Something hits you but does no damage.
You miss something.
An orc wizard appears from thin air!
Reactivating autopickup.
The orc wizard hits you with a +0 dagger.
The orc wizard gestures at you while chanting.
The magic dart hits you.
You die...

### # ##.##
.####.##.#.##
......)@###.##
#...# .####.o##
##.## #...# #.#
##.# #...# ...
##.## #.... ...
##..#######...#
.....
#..............
....
...................
....
#..................
##..##.#######.....


You could see an orc wizard.

Vanquished Creatures
  A hound (D:4)
  A jelly (D:4)
  An orc priest (D:4)
  Terence (D:2)
  An orc wizard (D:3)
  Robin (D:4)
  A gnoll (D:1)
  6 adders
  An ufetubus (D:4)
  A worm (D:2)
  2 dart slugs
  11 orcs
  An endoplasm (D:4)
  4 giant cockroaches
  12 goblins
  10 hobgoblins
  7 quokkas
  9 ball pythons
  3 bats
  4 frilled lizards (D:1)
  7 kobolds
  8 rats
93 creatures vanquished.

Vanquished Creatures (others)
  4 fungi (D:2)
  6 plants (D:2)
10 creatures vanquished.

Grand Total: 103 creatures vanquished

Notes
Turn   | Place    | Note
-------+----------+-------------------------------------------
     0 | D:1      | qw the Gargoyle Fighter began the quest for the Orb.
     0 | D:1      | Reached XP level 1. HP: 14/14 MP: 1/1
     0 | D:1      | 0 ||| qw: Version: 0.2-a-10-g37ed214
     0 | D:1      | 0 ||| qw: Game counter: 611
     0 | D:1      | 0 ||| qw: Always use a shield: true
     0 | D:1      | 0 ||| qw: God list: Okawaru
     0 | D:1      | 0 ||| qw: Allow faded altars: false
     0 | D:1      | 0 ||| qw: Do Orc after D:15 true
     0 | D:1      | 0 ||| qw: Do second Lair branch before Depths: true
     0 | D:1      | 0 ||| qw: Lair rune preference: random
     0 | D:1      | 0 ||| qw: Plans: Normal, Zot:1-4, God:TSO, Crypt, Tomb,
                  | Pan, Slime:5, Hells, Abyss, Orb
     0 | D:1      | 0 ||| PLANNING D:1-11
    19 | D:1      | 19 ||| Stepping ~*~*~tactically~*~*~ (stealth).
    22 | D:1      | Reached skill level 2 in Axes
    43 | D:1      | 43 ||| DROPPING +0 club.
   160 | D:1      | Reached XP level 2. HP: 19/19 MP: 2/2
   165 | D:1      | 165 ||| Stepping ~*~*~tactically~*~*~ (stealth).
   166 | D:1      | 166 ||| Stepping ~*~*~tactically~*~*~ (stealth).
   206 | D:1      | 206 ||| Stepping ~*~*~tactically~*~*~ (stealth).
   227 | D:1      | 227 ||| Stepping ~*~*~tactically~*~*~ (stealth).
   228 | D:1      | 228 ||| Stepping ~*~*~tactically~*~*~ (stealth).
   569 | D:1      | 569 ||| Stepping ~*~*~tactically~*~*~ (stealth).
   575 | D:1      | Reached skill level 3 in Axes
   611 | D:1      | Reached XP level 3. HP: 23/23 MP: 3/3
   700 | D:1      | 700 ||| DROPPING +0 whip.
   749 | D:1      | 749 ||| Stepping ~*~*~tactically~*~*~ (stealth).
   889 | D:1      | 889 ||| DROPPING amulet of faith.
   890 | D:1      | 890 ||| UPGRADING to ring of resist corrosion.
   891 | D:1      | 891 ||| READING scroll labelled SUIRRE SAFOUJ.
   892 | D:1      | 892 ||| READING scroll labelled LIAMMA OKHLU.
   893 | D:1      | 893 ||| READING scroll labelled FIMENG MOULI.
  1040 | D:2      | 1040 ||| Stepping ~*~*~tactically~*~*~ (stealth).
  1141 | D:2      | Reached XP level 4. HP: 25/28 MP: 4/4
  1249 | D:2      | Noticed Terence
  1262 | D:2      | Killed Terence
  1263 | D:2      | Reached skill level 4 in Axes
  1644 | D:2      | Found a faded altar of an unknown god.
  1647 | D:2      | 1647 ||| Stepping ~*~*~tactically~*~*~ (stealth).
  1676 | D:2      | 1676 ||| Stepping ~*~*~tactically~*~*~ (stealth).
  1678 | D:2      | 1678 ||| Stepping ~*~*~tactically~*~*~ (stealth).
  2097 | D:2      | 2097 ||| READING 2 scrolls labelled POEBUA YTUNIY.
  2098 | D:2      | 2098 ||| READING scroll labelled POBOUX QOIBLOVU.
  2099 | D:2      | 2099 ||| READING scroll labelled TYRGHIR LOYNU.
  2100 | D:2      | 2100 ||| DRINKING 2 sedimented blue potions.
  2100 | D:2      | Gained mutation: You are frail. (-10% HP) [potion of
                  | mutation]
  2100 | D:2      | Gained mutation: You are partially covered in large bone
                  | plates. (SH +4) [potion of mutation]
  2101 | D:2      | 2101 ||| DRINKING potion of mutation.
  2101 | D:2      | Lost mutation: You are frail. (-10% HP) [potion of
                  | mutation]
  2101 | D:2      | Lost mutation: You are partially covered in large bone
                  | plates. (SH +4) [potion of mutation]
  2101 | D:2      | Gained mutation: You are partially covered in iridescent
                  | scales. (AC +2) [potion of mutation]
  2276 | D:3      | 2276 ||| Stepping ~*~*~tactically~*~*~ (stealth).
  2278 | D:3      | Reached XP level 5. HP: 32/32 MP: 5/5
  2279 | D:3      | 2279 ||| Stepping ~*~*~tactically~*~*~ (hiding).
  2360 | D:3      | Reached skill level 5 in Axes
  2406 | D:3      | 2406 ||| Stepping ~*~*~tactically~*~*~ (stealth).
  2799 | D:3      | 2799 ||| UPGRADING to +0 plate armour.
  2809 | D:3      | 2809 ||| DROPPING +0 scale mail.
  2810 | D:3      | 2810 ||| READING scroll labelled ELOSUN IBRAYB.
  2811 | D:3      | 2811 ||| DRINKING 2 ruby potions.
  2888 | D:4      | 2888 ||| Stepping ~*~*~tactically~*~*~ (stealth).
  2899 | D:4      | Noticed Robin
  2924 | D:4      | Killed Robin
  2997 | D:4      | 2997 ||| Stepping ~*~*~tactically~*~*~ (stealth).
  3007 | D:4      | Reached XP level 6. HP: 35/38 MP: 6/6
  3072 | D:4      | 3072 ||| Stepping ~*~*~tactically~*~*~ (stealth).
  3075 | D:4      | 3075 ||| Stepping ~*~*~tactically~*~*~ (stealth).
  3095 | D:4      | HP: 6/38 [something/magic dart (5)]
  3100 | D:4      | HP: 5/38 [something (1)]
  3109 | D:4      | HP: 3/38 [orc wizard/+0 dagger (1)]
  3109 | D:4      | Killed from afar by an orc wizard

Levels and vault maps discovered:
D:1:      wander_arrival_peaceful_grave, layout_loops_cross,
          dreamdust_princess_corridor, minmay_pentomino_x2
D:2:      layout_loops_corners, shapermc_ecumenical_altar_mp_urbaneastern,
          uniq_terence
D:3:      layout_basic, minmay_misc_feat_cross
D:4:      layout_loops_cross, uniq_robin, uniq_blork_the_orc

Skill      XL: |  1  2  3  4  5 |
---------------+----------------+-----
Axes           | 2 3 4 5 |  5.7
Fighting       | 4 |  4.1
Armour         | |  3.2
Shields        | |  3.2

Action                   |  1- 3 |  4- 6 || total
-------------------------+-------+-------++-------
Melee: War axe           |    82 |   204 ||   286
  Use: Scroll            |     3 |     4 ||     7
       Potion            |       |     3 ||     3
Armor: Scale mail        |    38 |    76 ||   114
       Plate armour      |       |    72 ||    72
Dodge: Dodged            |    37 |    74 ||   111
Block: Buckler           |    12 |    35 ||    47

Table legend:
 A = Non-vault XP
 B = Vault XP
 C = Vault XP percentage of total XP
 D = Non-vault monster count
 E = Vault monster count
 F = Vault count percentage of total count
                 A         B        C        D         E       F
            +---------+---------+-------+---------+---------+-------
      Total |     393 |      75 |  16.0 |      78 |      15 |  16.1
            +---------+---------+-------+---------+---------+-------
        D:1 |      54 |       2 |   3.6 |      24 |       2 |   7.7
        D:2 |      68 |      36 |  34.6 |      20 |       1 |   4.8
        D:3 |     104 |       0 |   0.0 |      18 |       0 |   0.0
        D:4 |     167 |      37 |  18.1 |      16 |      12 |  42.9
            +---------+---------+-------+---------+---------+-------
